 Dungeon Crawl Stone Soup version 0.25.1-8-g42b30a86e7 (webtiles) character file.

Game seed: 12367634238929849094

669 MajorAdolf the Sneak (level 7, 0/57 HPs)
             Began as a Naga Wanderer on Dec 20, 2020.
             Slain by a hound (5 damage)
             ... on level 5 of the Dungeon.
             The game lasted 00:11:18 (6167 turns).

MajorAdolf the Sneak (Naga Wanderer)                Turns: 6167, Time: 00:11:19

Health: 0/57       AC:  4    Str: 15    XL:     7   Next: 58%
Magic:  8/8        EV:  9    Int: 13    God:
Gold:   178        SH:  0    Dex: 11    Spells: 5/6 levels left

rFire    . . .     SeeInvis +   p - +0 hand axe
rCold    . . .     Gourm    .   (no shield)
rNeg     . . .     Faith    .   v - +1 robe
rPois    +         Spirit   .   (no helmet)
rElec    .         Reflect  .   (no cloak)
rCorr    .         Harm     .   (no gloves)
MR       .....                  (no barding)
Stlth    ++++......             (no amulet)
HPRegen  0.19/turn              (no ring)
MPRegen  0.11/turn              (no ring)

@: lethally poisoned (0 -> -1), very slow
A: large, see invisible, deformed body, poison resistance, slowness 2, slow
metabolism 1, spit poison 1, AC +2
a: Spit Poison


You were on level 5 of the Dungeon.
You were not hungry.

You visited 1 branch of the dungeon, and saw 5 of its levels.

You collected 178 gold pieces.

Inventory:

Hand Weapons
 i - a +0 dagger
 j - a +4 falchion of flaming
 p - a +0 hand axe (weapon)
 u - a +2 mace of holy wrath
 y - a +1 dagger of protection
Missiles
 h - 25 poisoned darts (quivered)
Armour
 b - a +0 ring mail
 v - a +1 robe (worn)
Wands
 x - a wand of digging (4)
Scrolls
 c - 5 scrolls of teleportation
 d - a scroll of amnesia
 q - a scroll of remove curse
Potions
 a - a potion of degeneration {unknown}
 e - a potion of heal wounds
 l - a potion of stabbing {unknown}
 m - 2 potions of invisibility
 n - 2 potions of curing {unknown}
 s - a potion of cancellation {unknown}
Comestibles
 f - 12 rations


   Skills:
 - Level 1.0 Fighting
 - Level 1.4 Short Blades
 * Level 5.0 Axes
 - Level 3.2 Armour
 + Level 7.8 Stealth
   Level 1.0 Shields
 - Level 3.0 Charms
 + Level 2.6 Evocations


You had 5 spell levels left.
You knew the following spells:

 Your Spells              Type           Power        Failure   Level  Hunger
a - Infusion              Chrm           #...         9%          1    ##.....

Your spell library contained the following spells:

 Spells                   Type           Power        Failure   Level  Hunger
 Song of Slaying          Chrm           #.......     14%         2    ###....
 Shroud of Golubria       Chrm/Tloc      #.....       26%         2    ###....
 Magic Dart               Conj           #...         30%         1    ##.....
 Searing Ray              Conj           #.....       43%         2    ###....
 Ozocubu's Armour         Chrm/Ice       #.......     45%         3    ####...
 Spectral Weapon          Hex/Chrm       #.......     45%         3    ####...
 Dazzling Flash           Conj/Hex       #.....       67%         3    ####...
 Fulminant Prism          Conj/Hex       #.........   97%         4    #####..
 Iskenderun's Mystic Bla  Conj/Tloc      #.......     97%         4    #####..


Dungeon Overview and Level Annotations

Branches:
Dungeon (5/15)
 Temple: D:4-7

Altars:
Elyvilon
Nemelex Xobeh
Okawaru
Yredelemnul
The Shining One

Shops:
D:5 (?


Innate Abilities, Weirdness & Mutations

You cannot wear boots.
Your serpentine skin is tough. (AC +2)
You have supernaturally acute eyesight. (SInv)
Armour fits poorly on your strangely shaped body.
Your system is resistant to poisons. (rPois)
You cover ground very slowly.
You have a slow metabolism.
You can spit poison.


Message History

The hound barely misses you.
You miss the hound.
The hound is severely wounded.
The hound bites you.
* * * LOW HITPOINT WARNING * * *
Press: ? - help, Shift-Dir - straight line, f - hound
Aim: a hound (severely wounded)
The splash of poison misses the hound.
You feel slightly more hungry.
You feel sick. The hound bites you but does no damage. The hound bites you.
* * * LOW HITPOINT WARNING * * *
You hit the hound but do no damage.
The hound is severely wounded.
The hound bites you.
* * * LOW HITPOINT WARNING * * *
Okay, then.
You hit the hound.
The hound is almost dead.
You have got your breath back.
The hound barely misses you. The hound bites you.
You die...

##.########........
#.........#......#.
#.........#......#.
#.........#......#.
#.........#......#.
#.........#......#.
#?........#......#. ..
##h########........
#.###@####...##'#.....
#.#...........#.#.####
#...####.####...#.#
#...##.....##..##.#
##..#.......#..##.####
#..#.......#..##.....
#......_......#######
##.#.......#..#
#.#.......#..#


You could see a hound.

Vanquished Creatures
  A sky beast (D:5)
  A black bear (D:5)
  A crimson imp (D:5)
  2 orc priests (D:4)
  A centaur skeleton (D:4)
  An orc wizard (D:3)
  Terence (D:2)
  Ijyb (D:3)
  2 worker ants
  2 hound skeletons
  7 gnolls (D:4)
  3 adders
  An adder skeleton (D:5)
  A worm (D:1)
  3 dart slugs (D:1)
  4 leopard geckos
  16 orcs
  3 ball pythons
  5 giant cockroaches
  6 hobgoblins
  6 jackals
  A quokka (D:3)
  12 bats
  5 frilled lizards
  7 goblins
  4 kobolds
  10 rats
107 creatures vanquished.

Notes
Turn   | Place    | Note
-------+----------+-------------------------------------------
     0 | D:1      | MajorAdolf the Naga Wanderer began the quest for the Orb.
     0 | D:1      | MajorAdolf set off with the following items: a +0 club, a
                  | +0 ring mail, a scroll of teleportation, a ration; and the
                  | following spell memorised: Infusion; and the following
                  | spells available to memorise: Song of Slaying, Shroud of
                  | Golubria, Ozocubu's Armour, Spectral Weapon
     0 | D:1      | Reached XP level 1. HP: 18/18 MP: 1/1
    20 | D:1      | Reached skill level 2 in Stealth
   320 | D:1      | Reached skill level 3 in Stealth
   320 | D:1      | Reached XP level 2. HP: 15/25 MP: 2/2
   590 | D:1      | Reached skill level 4 in Stealth
   738 | D:1      | Reached XP level 3. HP: 29/31 MP: 3/3
  1232 | D:2      | Reached skill level 1 in Short Blades
  1429 | D:2      | Reached skill level 5 in Stealth
  1823 | D:2      | Reached XP level 4. HP: 29/38 MP: 4/4
  1895 | D:2      | Found an iron altar of Okawaru.
  1936 | D:2      | Found a sparkling altar of Nemelex Xobeh.
  2326 | D:2      | Noticed Terence
  2359 | D:2      | Killed Terence
  2359 | D:2      | Reached skill level 1 in Axes
  3319 | D:3      | Reached XP level 5. HP: 44/44 MP: 5/5
  3344 | D:3      | Reached skill level 6 in Stealth
  3572 | D:3      | Found a white marble altar of Elyvilon.
  3598 | D:3      | Found a basalt altar of Yredelemnul.
  3917 | D:3      | Noticed Ijyb
  3929 | D:3      | Killed Ijyb
  4060 | D:4      | Reached XP level 6. HP: 51/51 MP: 6/6
  4313 | D:4      | Reached skill level 1 in Evocations
  4645 | D:4      | Reached skill level 7 in Stealth
  5341 | D:5      | Entered Level 5 of the Dungeon
  5422 | D:5      | Reached XP level 7. HP: 47/57 MP: 8/8
  5723 | D:5      | Reached skill level 5 in Axes
  5925 | D:5      | Found Goesy's Magic Scroll Shop.
  6008 | D:5      | Found Dycsacwu's Weapon Shoppe.
  6086 | D:5      | Found a glowing golden altar of the Shining One.
  6167 | D:5      | Slain by a hound

Illustrated notes

Levels and vault maps discovered:
D:1:      dpeg_arrival_shelter, layout_rooms, serial_park_tiny_1,
          grunt_decor_mini_mirrors
D:2:      layout_loops_cross, okawaru_ov_weapons_minmay, lemuel_crystal_altar,
          uniq_terence
D:3:      layout_rooms, elyvilon_altar_3, overflow_temple_1_default,
          kennysheep_nondescript, uniq_ijyb
D:4:      layout_basic, first_ration, serial_forest,
          infiniplex_forest_clump_tiny, infiniplex_forest_zigzag_1,
          infiniplex_forest_lined_2, infiniplex_forest_end_1,
          infiniplex_forest_clump_medium, infiniplex_forest_lined_3,
          infiniplex_forest_zigzag_1, infiniplex_forest_lined_room_,
          infiniplex_forest_lined_3, minmay_misc_feat_encased, st_stairs_13
D:5:      layout_basic, old_standard_altar,
          nicolae_gozag_cash_rules_everything_around_me,
          overflow_temple_1_default, serial_shops, shop, kennysheep_mini_moat,
          shop, kennysheep_mini, nicolae_shop_behind_doors, uniq_blork_the_orc,
          uniq_menkaure, uniq_crazy_yiuf_cottage

Skill      XL: |  1  2  3  4  5  6  7 |
---------------+----------------------+-----
Stealth        | 3 4 5 6 7 |  7.8
Short Blades   | 1 |  1.4
Axes           | 1 3 4 5 |  5.0
Evocations     | 1 2 |  2.6
Fighting       | |  1.0
Armour         | |  3.2
Shields        | |  1.0
Charms         | |  3.0

Action                   |  1- 3 |  4- 6 |  7- 9 || total
-------------------------+-------+-------+-------++-------
Melee: Club              |    35 |       |       ||    35
       Dagger            |    93 |       |       ||    93
       Falchion          |       |   141 |    11 ||   152
       Hand axe          |       |    15 |    20 ||    35
Throw: Dart              |       |     3 |       ||     3
 Cast: Infusion          |     1 |     3 |       ||     4
 Abil: Spit Poison       |    18 |    25 |     6 ||    49
  Use: Scroll            |       |     9 |       ||     9
 Stab: Sleeping          |     1 |     8 |     1 ||    10
       Distracted        |       |     1 |       ||     1
  Eat: Chunk             |     3 |     9 |       ||    12
       Ration            |       |       |     1 ||     1
Armor: Ring mail         |    63 |    43 |       ||   106
       Skin              |     6 |     1 |       ||     7
       Robe              |       |    22 |    16 ||    38
Dodge: Dodged            |    69 |    95 |    22 ||   186
       Rpst.: Falchion   |       |    32 |     1 ||    33
